 Dungeon Crawl Stone Soup version 0.28-a0-1213-g0243856f03 (webtiles) character file.

Game seed: 12338250534273954494

237 kipponium the Protected (level 6, -7/44 HPs)
             Began as a Gnoll Wanderer on Dec 21, 2021.
             Was a Believer of Makhleb.
             Killed by an exploding killer bee (13 damage)
             ... ignited by their inner flame
             ... on level 7 of the Dungeon.
             The game lasted 00:11:53 (3514 turns).

kipponium the Protected (Gnoll Wanderer)            Turns: 3514, Time: 00:11:54

Health: -7/44      AC:  6    Str: 13    XL:     6   Next: 6%
Magic:  11/11      EV: 10    Int: 13    God:    Makhleb [**....]
Gold:   195        SH:  0    Dex: 10    Spells: 11/11 levels left

rFire   . . .      SeeInvis .   a - +5 hand crossbow (vorpal)
rCold   . . .      Faith    .   (no shield)
rNeg    . . .      Spirit   .   d - +0 ring mail
rPois   .          Reflect  .   (no helmet)
rElec   .          Harm     .   (no cloak)
rCorr   .          Rampage  .   (no gloves)
Will    .....                   (no boots)
Stlth   +.........              (no amulet)
HPRegen 0.14/turn               (no ring)
MPRegen 0.12/turn               (no ring)

@: lethally poisoned (-7 -> -13)
A: fangs 1, strong nose, distributed training
a: Renounce Religion, Minor Destruction


You were on level 7 of the Dungeon.
You worshipped Makhleb.
Makhleb was pleased with you.
You visited 1 branch of the dungeon, and saw 5 of its levels.

You collected 236 gold pieces.
You spent 41 gold pieces at shops.

Inventory:

Hand Weapons
 a - a +5 vorpal hand crossbow (weapon)
 j - a +0 spear
 p - a +0 dagger of electrocution
 r - a +0 shortbow
Missiles
 b - 32 bolts (quivered ammo)
 n - 8 poisoned darts
Armour
 d - a +0 ring mail (worn)
Magical Staves
 g - a staff of conjuration
Scrolls
 f - 2 scrolls of fog
 m - a scroll of noise
 o - a scroll of amnesia
Potions
 c - 2 potions of lignification
 h - a potion of curing {unknown}
 k - a potion of degeneration {unknown}


   Skills:
 + Level 1.8 Fighting
 + Level 1.8 Short Blades
 + Level 1.8 Long Blades
 + Level 1.8 Axes
 + Level 1.8 Maces & Flails
 + Level 1.8 Polearms
 + Level 1.8 Staves
 + Level 1.8 Slings
 + Level 1.8 Bows
 + Level 8.7 Crossbows
 + Level 1.8 Throwing
 + Level 8.7 Armour
 + Level 1.8 Dodging
 + Level 1.8 Stealth
 + Level 1.8 Shields
 + Level 1.8 Unarmed Combat
 + Level 3.3 Spellcasting
 + Level 1.4 Conjurations
 + Level 1.4 Hexes
 + Level 1.4 Summonings
 + Level 1.4 Necromancy
 + Level 1.4 Translocations
 + Level 1.4 Transmutations
 + Level 1.4 Fire Magic
 + Level 1.4 Ice Magic
 + Level 1.4 Air Magic
 + Level 1.4 Earth Magic
 + Level 1.4 Poison Magic
 + Level 2.0 Invocations
 + Level 3.1 Evocations


You had 11 spell levels left.
You didn't know any spells.
Your spell library contained the following spells:

 Spells                   Type           Power      Damage    Failure   Level
 Magic Dart               Conj           20%        1d4       22%         1
 Call Imp                 Summ           5%         N/A       34%         2
 Mephitic Cloud           Conj/Pois/Air  5%         N/A       56%         3


Dungeon Overview and Level Annotations

Branches:
Dungeon (4/15)             Temple (0/1) D:4

Altars:
Cheibriados
Makhleb
Wu Jian
Zin
The Shining One

Shops:
D:2 *


Innate Abilities, Weirdness & Mutations

You have very sharp teeth.
Your uncanny sense of smell can sniff out nearby items.
Your experience applies equally to all skills.


Message History

Press: ? - help, Q - select action, (/) - cycle Shift-Dir - straight line, f - killer bee, p - killer bee
Aim: a killer bee (inner flame, 47% to hit)
You shoot a bolt. The bolt misses the killer bee.
The bolt completely misses the hornet.
The killer bee stings you but does no damage. x3
The killer bee stings you. x2
You are poisoned.
The killer bee poisons you! The killer bee stings you.
Fire: 33 bolts
Press: ? - help, Q - select action, (/) - cycle Shift-Dir - straight line, f/p - killer bee
Aim: a killer bee (inner flame, 47% to hit)
You shoot a bolt. The bolt hits the killer bee.
Flame seeps out of the killer bee.
Flame seeps out of the killer bee.
The killer bee is moderately wounded.
You feel sick.
The killer bee is engulfed in blazing flames.
Flame seeps out of the killer bee.
The killer bee closely misses you. The killer bee stings you.
The killer bee barely misses you. x2
The killer bee is engulfed in blazing flames.
Makhleb accepts your kill.
The killer bee explodes!
The fiery explosion engulfs the killer bee!!!
Makhleb accepts your kill.
You feel better.
The fiery explosion engulfs the killer bee!!
Makhleb accepts your kill.
You feel better.
The fiery explosion engulfs the killer bee!!
You kill the killer bee!
Makhleb accepts your kill.
You feel better. The fiery explosion engulfs you!!
Ouch! That really hurt!
* * * LOW HITPOINT WARNING * * *
The fiery explosion engulfs the hornet!!
Flame seeps out of the hornet.
The hornet is severely wounded.
The killer bee explodes!
The fiery explosion engulfs you!
You die...

#$$$##..###.####..###......#.(
##$##...#...## ##.##..##...##.
#####........###...<.#........
#._.#.........##..##.#..#.##..
#...#..#.####.#...#........... #
##.#########.................#
#.##'#..## ##...............$.#
##....#...###..y.........##.####
......##....).§§@§........ ..#
.###...##....l.○§§........ ..
##..........§y§......
##.y................
#.y......####...... #........#
.#.... #........## .#....
...##.(.#..# .# (..
....∆....#....


You could see a hornet (inner flame), an iguana (inner flame) and a killer bee
(inner flame).

Vanquished Creatures
  A bullfrog (D:7)
  4 killer bees (D:7)
  A jelly (D:4)
  An orc priest (D:4)
  5 adders
  A white imp (D:4)
  An adder skeleton (D:4)
  2 dart slugs
  6 orcs
  7 endoplasms
  2 giant cockroaches
  5 goblins
  3 hobgoblins
  A quokka (D:3)
  4 ball pythons
  3 bats
  2 frilled lizards (D:1)
  4 kobolds
  8 rats
61 creatures vanquished.

Notes
Turn   | Place    | Note
-------+----------+-------------------------------------------
     0 | D:1      | kipponium the Gnoll Wanderer began the quest for the Orb.
     0 | D:1      | kipponium set off with the following items: a +0 vorpal
                  | hand crossbow, 25 bolts, a potion of lignification, a +0
                  | ring mail
     0 | D:1      | Reached XP level 1. HP: 13/13 MP: 4/4
   400 | D:1      | Found a faded altar of an unknown god.
   408 | D:1      | Prayed at the altar of an unknown god.
   408 | D:1      | Became a worshipper of Makhleb the Destroyer
   408 | D:1      | Reached * piety under Makhleb
   421 | D:1      | Reached XP level 2. HP: 19/19 MP: 5/5
  1002 | D:1      | Reached XP level 3. HP: 25/25 MP: 7/7
  1360 | D:2      | Found Cyxkasmosh's Assorted Antiques.
  1372 | D:2      | Bought a lumpy brown potion for 19 gold pieces
  1372 | D:2      | Bought a scroll labelled TOULELOITU for 22 gold pieces
  1688 | D:2      | Reached skill level 1 in Invocations
  1847 | D:2      | Found an ornate altar of the Wu Jian Council.
  1992 | D:3      | Reached skill level 1 in Fighting
  1992 | D:3      | Reached skill level 1 in Short Blades
  1992 | D:3      | Reached skill level 1 in Long Blades
  1992 | D:3      | Reached skill level 1 in Axes
  1992 | D:3      | Reached skill level 1 in Maces & Flails
  1992 | D:3      | Reached skill level 1 in Polearms
  1992 | D:3      | Reached skill level 1 in Staves
  1992 | D:3      | Reached skill level 1 in Slings
  1992 | D:3      | Reached skill level 1 in Bows
  1992 | D:3      | Reached skill level 1 in Throwing
  1992 | D:3      | Reached skill level 1 in Dodging
  1992 | D:3      | Reached skill level 1 in Stealth
  1992 | D:3      | Reached skill level 1 in Shields
  1992 | D:3      | Reached skill level 1 in Unarmed Combat
  2001 | D:3      | Reached ** piety under Makhleb
  2008 | D:3      | Found a snail-covered altar of Cheibriados.
  2151 | D:3      | Reached XP level 4. HP: 32/32 MP: 8/8
  2454 | D:3      | Found a glowing golden altar of the Shining One.
  2695 | D:4      | Reached skill level 1 in Conjurations
  2695 | D:4      | Reached skill level 1 in Hexes
  2695 | D:4      | Reached skill level 1 in Summonings
  2695 | D:4      | Reached skill level 1 in Necromancy
  2695 | D:4      | Reached skill level 1 in Translocations
  2695 | D:4      | Reached skill level 1 in Transmutations
  2695 | D:4      | Reached skill level 1 in Fire Magic
  2695 | D:4      | Reached skill level 1 in Ice Magic
  2695 | D:4      | Reached skill level 1 in Air Magic
  2695 | D:4      | Reached skill level 1 in Earth Magic
  2695 | D:4      | Reached skill level 1 in Poison Magic
  2708 | D:4      | Reached XP level 5. HP: 13/37 MP: 9/9
  3132 | D:4      | Found a staircase to the Ecumenical Temple.
  3287 | D:4      | You fall into a shaft and drop 3 floors!
  3315 | D:7      | Reached XP level 6. HP: 23/44 MP: 9/11
  3495 | D:7      | Found a glowing silver altar of Zin.
  3505 | D:7      | Noticed a hornet
  3514 | D:7      | Killed by an exploding killer bee... ignited by their inner
                  | flame

Illustrated notes

Levels and vault maps discovered:
D:1:      minmay_arrival_pointy, layout_rooms,
          hellmonk_ecumenical_altar_zigzags, st_stairs_7,
          chequers_serial_rivers_small_3, minmay_tetromino_o4
D:2:      layout_loops_ring, basic_altar, serial_shops, shop
D:3:      layout_basic, lemuel_crystal_altar, lemuel_crystal_altar
D:4:      layout_loops_corners, minmay_temple_entry_offerings
D:7:      layout_cave_pools, pdpol_temple_overflow_zin_treasury_gozag_greed,
          enter_bailey_4

Skill      XL: |  1  2  3  4  5 |
---------------+----------------+-----
Invocations    | 1 2 |  2.0
Fighting       | 1 |  1.8
Short Blades   | 1 |  1.8
Long Blades    | 1 |  1.8
Axes           | 1 |  1.8
Maces & Flails | 1 |  1.8
Polearms       | 1 |  1.8
Staves         | 1 |  1.8
Slings         | 1 |  1.8
Bows           | 1 |  1.8
Throwing       | 1 |  1.8
Dodging        | 1 |  1.8
Stealth        | 1 |  1.8
Shields        | 1 |  1.8
Unarmed Combat | 1 |  1.8
Spellcasting   | 3 |  3.3
Conjurations   | 1 |  1.4
Hexes          | 1 |  1.4
Summonings     | 1 |  1.4
Necromancy     | 1 |  1.4
Translocations | 1 |  1.4
Transmutations | 1 |  1.4
Fire Magic     | 1 |  1.4
Ice Magic      | 1 |  1.4
Air Magic      | 1 |  1.4
Earth Magic    | 1 |  1.4
Poison Magic   | 1 |  1.4
Evocations     | 3 |  3.1
Crossbows      | |  8.7
Armour         | |  8.7

Action                   |  1- 3 |  4- 6 || total
-------------------------+-------+-------++-------
Melee: Hand crossbow     |    19 |       ||    19
       Dagger            |       |    58 ||    58
       Punch             |       |     1 ||     1
 Fire: Hand crossbow     |    95 |    26 ||   121
  Use: Scroll            |       |    12 ||    12
Armor: Ring mail         |    24 |    27 ||    51
Dodge: Dodged            |    20 |    30 ||    50

Table legend: (Time is in decaauts)
 A = Elapsed time spent in this place.
 B = Non-inter-level travel time spent in this place.
 C = Inter-level travel time spent in this place.
 D = Time resting spent in this place.
 E = Time spent auto-exploring this place.
 F = Levels seen in this place.
 G = Mean time per level.
                   A        B        C        D        E       F      G
               +--------+--------+--------+--------+--------+-----+--------+
         Total |   3530 |   3462 |     68 |    878 |   1919 |   5 |  706.0 |
       Dungeon |   3530 |   3462 |     68 |    878 |   1919 |   5 |  706.0 |
               +--------+--------+--------+--------+--------+-----+--------+

Top non-repeatable levels by time:
     D:1: 1325 daAuts
     D:3: 697 daAuts
     D:4: 684 daAuts
     D:2: 597 daAuts
     D:7: 226 daAuts
